 Dungeon Crawl Stone Soup version 0.29-a0-563-g64e4043184 (webtiles) character file.

Game seed: 1622060457100624439

678 mandarbmax the Archer (level 7, -1/51 HPs)
             Began as a Barachi Hunter on June 12, 2022.
             Was a Believer of Cheibriados.
             Killed by Olgreb's Toxic Radiance
             ... invoked by 2FriedEggs's ghost
              (2 damage)
             ... on level 5 of the Dungeon on June 14, 2022.
             The game lasted 00:11:07 (3848 turns).

mandarbmax the Archer (Barachi Hunter)              Turns: 3848, Time: 00:11:08

Health: -1/51      AC:  9    Str: 18    XL:     7   Next: 60%
Magic:  7/7        EV: 12    Int: 14    God:    Cheibriados [**....]
Gold:   265        SH:  0    Dex: 22    Spells: 6/6 levels left

rFire   + . .      SeeInvis .   a - +2 shortbow (vorpal)
rCold   x . .      Faith    .   (shield currently unavailable)
rNeg    . . .      Spirit   .   b - +0 leather armour
rPois   .          Reflect  .   (no helmet)
rElec   .          Harm     .   f - +0 cloak
rCorr   .          Rampage  .   n - +0 pair of gloves
Will    .....                   (no boots)
Stlth   ++........              (no amulet)
HPRegen 0.17/turn               e - +4 ring of protection
MPRegen 0.10/turn               p - ring of fire

@: lethally poisoned (-1 -> -27), unable to hop, slowed, very slow
A: amphibious, slowness 1, strong legs 1, +LOS
a: Hop, Renounce Religion, Bend Time


You were on level 5 of the Dungeon.
You worshipped Cheibriados.
Cheibriados was pleased with you.
You visited 1 branch of the dungeon, and saw 5 of its levels.
You also visited: Ossuary.

You collected 289 gold pieces.
You spent 24 gold pieces at shops.

Inventory:

Hand Weapons
 a - a +2 vorpal shortbow (weapon)
Armour
 b - a +0 leather armour (worn)
 f - a +0 cloak (worn)
 n - a +0 pair of gloves (worn)
Jewellery
 e - a +4 ring of protection (left hand)
 p - a ring of fire (right hand)
Scrolls
 c - 3 scrolls of immolation
 d - a scroll of magic mapping {unknown}
 g - a scroll of blinking {unknown}
 j - a scroll of brand weapon
 k - a scroll of fog
 l - a scroll of teleportation {unknown}
 u - a scroll of enchant weapon
Potions
 h - 2 potions of flight {unknown}
 i - a potion of resistance
 m - a potion of ambrosia
 o - a potion of magic
 r - a potion of brilliance {unknown}
 s - a potion of mutation
 t - a potion of berserk rage {unknown}


   Skills:
 - Level 2.4 Fighting
 + Level 9.1 Bows
 - Level 2.1 Dodging
 - Level 0.8 Stealth


You had 6 spell levels left.
You didn't know any spells.
Your spell library contained the following spells:

 Spells                   Type           Power      Damage    Failure   Level
 Magic Dart               Conj           0%         1d3       34%         1
 Call Imp                 Summ           0%         N/A       45%         2
 Mephitic Cloud           Conj/Pois/Air  0%         N/A       71%         3


Dungeon Overview and Level Annotations

Branches:
Dungeon (5/15)             Temple (0/1) D:4         Ossuary (visited)

Altars:
Cheibriados
Elyvilon
Gozag

Shops:
D:5 *

Annotations:
D:5 2FriedEggs's ghost, novice OpVM


Innate Abilities, Weirdness & Mutations

You are amphibious.
You cover ground slowly.
You can hop short distances.
You have an extended range of vision and can be seen from far away.


Message History

Your adder dies!
Your adder's corpse dissolves into shadows!
The phantom hits your scorpion. 2FriedEggs's ghost misses you.
The phantom barely misses your scorpion.
The kobold brigand throws a curare-tipped dart.
The curare-tipped dart closely misses you.
The curare-tipped dart misses your scorpion.
The iguana bites you.
Okay, then.
As you read the scroll labelled GESASTRA AMIJAD, it crumbles to dust.
It is a scroll of enchant weapon.
Your +1 vorpal shortbow glows red for a moment.
You feel very sick.
You are more poisoned.
Your scorpion looks even sicker.
Your hound misses 2FriedEggs's ghost.
The iguana closely misses you. 2FriedEggs's ghost barely misses you.
The kobold brigand throws a curare-tipped dart.
The curare-tipped dart barely misses your hound.
The curare-tipped dart hits you.
You are lethally poisoned!
You have difficulty breathing.
* * * LOW HITPOINT WARNING * * *
You feel as though you will be slow longer.
Your hound bites 2FriedEggs's ghost.
Your scorpion stings the iguana.
The kobold brigand barely misses your hound.
The phantom hits your scorpion but does no damage. 2FriedEggs's ghost hits you but does no damage.
The iguana misses you.
Unknown command.
Okay, then.
Hop to where?
Press: ? - help, Dir - move target, p - kobold brigand Boing!
* * * LOW HITPOINT WARNING * * *
You feel extremely sick.
* * * LOW HITPOINT WARNING * * *
You are more poisoned.
Your scorpion dies!
Your scorpion's corpse dissolves into shadows!
You die...

##.# ##.8∩8∩##.###..######## #..#
#....$..######## #.##
#8..8$$8#.....# #.#
#∩.$_.$.#.....# #.#
##$.lWK##.....######### #.#
#####'○h#######).[.......
####.####....W...................
#.........#........###########...
##############..@..# ####......
####### ##......### #.....###
#######


You could see a kobold brigand, a phantom (unaware), an iguana, 2FriedEggs's
ghost (toxic aura, ally target) and a friendly hound (summoned, poisoned).

Vanquished Creatures
  A black bear (D:5)
  A phantom (D:4)
  A scorpion (D:5)
  A centaur zombie (Ossuary)
  2 hounds
  A human zombie (Ossuary)
  An orc priest (D:3)
  2 orc wizards
  6 mummies
  3 gnolls (D:5)
  3 adders
  An ufetubus (D:5)
  2 worms
  A dart slug (D:2)
  17 orcs
  7 ball pythons
  7 endoplasms
  4 giant cockroaches
  A gnoll zombie (Ossuary)
  4 goblins
  8 hobgoblins
  3 jackals
  4 quokkas
  6 bats
  7 frilled lizards
  A goblin zombie (D:4)
  3 hobgoblin zombies (Ossuary)
  8 kobolds
  2 kobold zombies (Ossuary)
  An orc zombie (D:4)
  2 rats
111 creatures vanquished.

Notes
Turn   | Place    | Note
-------+----------+-------------------------------------------
     0 | D:1      | mandarbmax the Barachi Hunter began the quest for the Orb.
     0 | D:1      | Reached XP level 1. HP: 17/17 MP: 1/1
   195 | D:1      | Reached XP level 2. HP: 23/23 MP: 2/2
   344 | D:1      | You fall into a shaft and drop 1 floor!
   435 | D:2      | Reached XP level 3. HP: 28/28 MP: 3/3
   458 | D:2      | Reached skill level 5 in Bows
   540 | D:2      | Found a white marble altar of Elyvilon.
   618 | D:1      | Found a faded altar of an unknown god.
  1179 | D:2      | Reached XP level 4. HP: 34/34 MP: 4/4
  1509 | D:3      | Reached skill level 6 in Bows
  1707 | D:3      | Found a snail-covered altar of Cheibriados.
  1715 | D:3      | Reached XP level 5. HP: 39/39 MP: 5/5
  1718 | D:3      | Became a worshipper of Cheibriados the Contemplative
  2089 | D:4      | Found a staircase to the Ecumenical Temple.
  2156 | D:4      | Reached * piety under Cheibriados
  2231 | D:4      | Found a sand-covered staircase.
  2256 | Ossuary  | Entered an ossuary
  2292 | Ossuary  | Reached skill level 7 in Bows
  2303 | Ossuary  | Reached XP level 6. HP: 24/46 MP: 6/6
  3313 | D:5      | Entered Level 5 of the Dungeon
  3319 | D:5      | Reached skill level 8 in Bows
  3323 | D:4      | Reached ** piety under Cheibriados
  3324 | D:4      | Reached XP level 7. HP: 51/51 MP: 7/7
  3420 | D:5      | Found Qoboly's Assorted Antiques.
  3435 | D:5      | Bought a red potion for 24 gold pieces
  3521 | D:5      | Reached skill level 9 in Bows
  3647 | D:5      | Found a runed translucent gate.
  3647 | D:5      | Found a runed translucent gate.
  3648 | D:5      | Found a runed translucent gate.
  3650 | D:5      | Found an opulent altar of Gozag.
  3651 | D:5      | Noticed 2FriedEggs's ghost (novice OpVM)
  3848 | D:5      | HP: 1/51 [2FriedEggs's ghost/Olgreb's Toxic Radiance (4)]
  3848 | D:5      | Killed from afar by 2FriedEggs's ghost

Illustrated notes

Levels and vault maps discovered:
D:1:      giann_horns, layout_rooms, nicolae_ecumenical_snake_handling,
          minmay_quantized
D:2:      layout_loops_ring, basic_altar, chequers_serial_rivers_micro_c,
          due_unseen_surprise
D:3:      layout_loops_ring, cheibriados_altar_1
D:4:      layout_basic, minmay_temple_entry_offerings,
          nicolae_ossuary_entry_giza
D:5:      layout_rooms, ebering_ghost_gozag, serial_shops, shop

Skill      XL: |  1  2  3  4  5  6  7 |
---------------+----------------------+-----
Bows           | 5 6 7 8 9 |  9.1
Fighting       | |  2.4
Dodging        | |  2.1
Stealth        | |  0.8

Action                   |  1- 3 |  4- 6 |  7- 9 || total
-------------------------+-------+-------+-------++-------
 Fire: Shortbow          |    88 |   207 |    46 ||   341
 Abil: Hop               |       |       |     1 ||     1
  Use: Scroll            |       |     4 |     6 ||    10
       Potion            |       |     3 |       ||     3
Armor: Leather armour    |     9 |    38 |    19 ||    66
       Skin              |       |    85 |       ||    85
Dodge: Dodged            |     9 |    66 |    25 ||   100

Table legend: (Time is in decaauts)
 A = Elapsed time spent in this place.
 B = Non-inter-level travel time spent in this place.
 C = Inter-level travel time spent in this place.
 D = Time resting spent in this place.
 E = Time spent auto-exploring this place.
 F = Levels seen in this place.
 G = Mean time per level.
                   A        B        C        D        E       F      G
               +--------+--------+--------+--------+--------+-----+--------+
         Total |   5171 |   4985 |    186 |    195 |   3708 |   6 |  861.8 |
       Dungeon |   4772 |   4586 |    186 |     43 |   3708 |   5 |  954.4 |
       Ossuary |    399 |    399 |      0 |    152 |      0 |   1 |  399.0 |
               +--------+--------+--------+--------+--------+-----+--------+

Top non-repeatable levels by time:
     D:4: 1538 daAuts
     D:3: 941 daAuts
     D:5: 819 daAuts
     D:2: 761 daAuts
     D:1: 711 daAuts
 Ossuary: 399 daAuts
